 Dungeon Crawl Stone Soup version 0.28-a0-1374-ga75cb3825e (webtiles) character file.

Game seed: 13122031054364243701

57 blank1 the Firebug (level 3, 0/19 HPs)
             Began as a Deep Elf Fire Elementalist on Dec 31, 2021.
             Slain by Pargi (1 damage)
             ... in a sewer.
             The game lasted 00:05:25 (1572 turns).

blank1 the Firebug (Deep Elf Fire Elementalist)     Turns: 1572, Time: 00:05:26

Health: 0/19       AC:  9    Str:  5    XL:     3   Next: 73%
Magic:  1/10       EV: 13    Int: 21    God:
Gold:   69         SH:  0    Dex: 15    Spells: 6/9 levels left

rFire   . . .      SeeInvis .   g - +1 dagger (protect)
rCold   . . .      Faith    .   (no shield)
rNeg    . . .      Spirit   .   a - +0 robe
rPois   .          Reflect  .   (no helmet)
rElec   .          Harm     .   (no cloak)
rCorr   .          Rampage  .   (no gloves)
Will    .....                   (no boots)
Stlth   ++........              (no amulet)
HPRegen 0.06/turn               (no ring)
MPRegen 0.12/turn               (no ring)

@: under a protective aura
A: no striking features
a: no special abilities


You were in a sewer.
You visited 1 branch of the dungeon, and saw 3 of its levels.
You also visited: Sewer.

You collected 69 gold pieces.

Inventory:

Hand Weapons
 g - a +1 dagger of protection (weapon)
Armour
 a - a +0 robe (worn)
Scrolls
 c - a scroll of noise {unknown}
 f - 2 scrolls of teleportation {unknown}
 h - a scroll of magic mapping {unknown}
 j - a scroll of identify {unknown}
Potions
 b - 2 potions of curing {unknown}
 d - a potion of brilliance {unknown}
 e - a potion of flight {unknown}
 i - a potion of lignification {unknown}


   Skills:
 + Level 3.1 Dodging
 - Level 3.0 Stealth
 + Level 3.7 Spellcasting
 - Level 2.0 Conjurations
 + Level 3.8 Fire Magic


You had 6 spell levels left.
You knew the following spells:

 Your Spells              Type           Power      Damage    Failure   Level
a - Foxfire               Conj/Fire      64%        2x1d7     3%          1
b - Scorch                Fire           38%        2d7       3%          2

Your spell library contained the following spells:

 Spells                   Type           Power      Damage    Failure   Level
 Conjure Flame            Conj/Fire      16%        6-21      11%         3
 Inner Flame              Hex/Fire       11%        N/A       17%         3
 Flame Wave               Conj/Fire      16%        2d5       36%         4


Dungeon Overview and Level Annotations

Branches:
Dungeon (2/15)              Sewer (1/1)

Altars:

Shops:
D:1 [

Annotations:
Sewer Pargi


Message History

Pargi is severely wounded.
Pargi closely misses you. Pargi claws you but does no damage.
Pargi closely misses you. The ball python barely misses you.
The ball python misses you.
You hit Pargi.
Pargi is severely wounded.
Pargi bites you but does no damage. Pargi barely misses you.
Pargi closely misses you.
The ball python bites you but does no damage.
The ball python barely misses you.
You closely miss Pargi.
Pargi is severely wounded.
Pargi bites you.
* * * LOW HITPOINT WARNING * * *
Pargi claws you.
* * * LOW HITPOINT WARNING * * *
Pargi claws you but does no damage. The ball python barely misses you. x2
Unknown command.
You barely miss Pargi.
Pargi is severely wounded.
The ball python closely misses you. The ball python misses you.
Pargi completely misses you. Pargi claws you but does no damage. x2
You barely miss Pargi.
Pargi is severely wounded.
The ball python barely misses you. x2; Pargi bites you but does no damage.
Pargi claws you but does no damage. Pargi completely misses you.
The ball python bites you but does no damage.
The ball python misses you.
Unknown command.
You hit Pargi but do no damage.
Pargi is severely wounded.
Pargi bites you.
* * * LOW HITPOINT WARNING * * *
Pargi claws you but does no damage. Pargi completely misses you.
The ball python bites you but does no damage.
The ball python misses you.
You barely miss Pargi.
Pargi is heavily wounded.
Pargi barely misses you. Pargi claws you.
You die...

##≈#####≈#######
###≈≈≈≈≈≈≈≈≈≈≈≈≈≈#
##≈≈≈≈≈≈≈≈≈≈≈≈≈≈≈≈≈
###≈≈≈≈≈≈≈≈≈≈≈≈≈≈≈≈≈≈
#≈≈≈≈≈≈≈≈≈≈≈≈≈≈≈≈≈≈≈≈
###≈≈≈≈≈≈≈≈≈≈≈≈≈≈≈≈≈≈≈≈
#≈≈≈≈≈≈≈≈≈≈≈≈≈≈≈≈≈≈≈≈≈≈
##≈≈≈≈≈≈≈≈≈≈≈≈.S.≈≈≈≈≈≈≈
#≈≈≈≈≈≈≈≈≈≈≈.#@T#.≈≈≈≈≈≈
#≈≈≈≈≈≈≈≈≈..#####.#..≈≈≈
##≈≈≈≈≈≈≈.≈≈## ## #.≈≈
##≈≈≈≈≈≈≈≈#.## #≈
#≈≈≈≈≈≈≈≈.###
#≈≈≈≈≈≈≈### ###≈≈≈≈.##
#≈≈≈≈≈≈.## #≈≈≈≈≈≈≈≈.#


You could see Pargi and a ball python.

Vanquished Creatures
  2 adders
  3 worms
  A dart slug (D:1)
  2 endoplasms
  A giant cockroach (D:1)
  3 goblins
  A hobgoblin (D:1)
  4 kobolds
  2 quokkas (D:1)
  4 ball pythons
  2 bats (D:1)
  5 frilled lizards
  A rat (D:1)
31 creatures vanquished.

Vanquished Creatures (others)
  84 foxfires
84 creatures vanquished.

Grand Total: 115 creatures vanquished

Notes
Turn   | Place    | Note
-------+----------+-------------------------------------------
     0 | D:1      | blank1 the Deep Elf Fire Elementalist began the quest for
                  | the Orb.
     0 | D:1      | Reached XP level 1. HP: 10/10 MP: 6/6
   199 | D:1      | Found Dac Asic's Armour Shop.
   636 | D:1      | Reached XP level 2. HP: 15/15 MP: 4/8
  1170 | D:2      | Learned a level 2 spell: Scorch
  1212 | D:2      | Reached XP level 3. HP: 19/19 MP: 6/9
  1437 | D:2      | You fall into a shaft and drop 2 floors!
  1437 | D:4      | Found a glowing drain.
  1454 | Sewer    | Entered a sewer
  1553 | Sewer    | Noticed Pargi
  1572 | Sewer    | Slain by Pargi

Illustrated notes

Levels and vault maps discovered:
D:1:      dpeg_arrival_fog, layout_basic, serial_shops,
          nicolae_shop_hallway_plus
D:2:      layout_loops_ring
D:4:      layout_cave_pods, temple_pool_b, cheibrodos_sewer_entry_sluice,
          minmay_misc_feat_diagonals, uniq_ijyb
Sewer:    sewer_co_pargi_island

Skill      XL: |  1  2  3 |
---------------+----------+-----
Stealth        | 3 |  3.0
Dodging        | 3 |  3.1
Conjurations   | 2 |  2.0
Spellcasting   | |  3.7
Fire Magic     | |  3.8

Action                   || total
-------------------------++-------
Melee: Dagger            ||    17
 Cast: Foxfire           ||    46
       Scorch            ||     7
 Stab: Sleeping          ||     1
Armor: Robe              ||    25
Dodge: Dodged            ||    42

Table legend: (Time is in decaauts)
 A = Elapsed time spent in this place.
 B = Non-inter-level travel time spent in this place.
 C = Inter-level travel time spent in this place.
 D = Time resting spent in this place.
 E = Time spent auto-exploring this place.
 F = Levels seen in this place.
 G = Mean time per level.
                   A        B        C        D        E       F      G
               +--------+--------+--------+--------+--------+-----+--------+
         Total |   1578 |   1522 |     56 |     56 |   1237 |   4 |  394.5 |
       Dungeon |   1453 |   1397 |     56 |      0 |   1205 |   3 |  484.3 |
         Sewer |    124 |    124 |      0 |     56 |     32 |   1 |  124.0 |
               +--------+--------+--------+--------+--------+-----+--------+

Top non-repeatable levels by time:
     D:1: 1160 daAuts
     D:2: 275 daAuts
   Sewer: 124 daAuts
     D:4: 17 daAuts
